 Dungeon Crawl Stone Soup version 0.18.1-48-g4cf74bf (webtiles) character file.

1901 GFox the Covered (level 8, 0/75 HPs)
             Began as a Deep Dwarf Fighter on Aug 31, 2016.
             Was an Initiate of Okawaru.
             Slain by an orc warrior
             ... wielding a +0 trident
              (16 damage)
             ... on level 6 of the Dungeon on Sept 1, 2016.
             The game lasted 00:47:17 (4707 turns).

GFox the Covered (Deep Dwarf Fighter)               Turns: 4707, Time: 00:47:17

Health: 0/75       AC: 11    Str: 23    XL:     8   Next: 94%
Magic:  14/14      EV: 11    Int:  8    God:    Okawaru [......]
Gold:   115        SH: 12    Dex: 12    Spells: 0 memorised, 7 levels left

rFire  . . .     SeeInvis .     a - +0 war axe
rCold  . . .     Gourm    +     b - +0 scale mail
rNeg   . . .     Faith    .     c - +1 shield
rPois  +         Spirit   .     (no helmet)
rElec  .         Dismiss  .     B - +1 cloak
rCorr  .         Reflect  .     A - +0 pair of gloves
SustAt .         Harm     .     (no boots)
MR     +....                    o - amulet of the gourmand
Stlth  ..........               x - ring of magical power
                                I - ring of poison resistance

@: non-regenerating, somewhat resistant to hostile enchantments, extremely
unstealthy
A: damage resistance, recharge devices, sense surroundings 1, slow regeneration
3
a: Device Recharging, Renounce Religion


You were on level 6 of the Dungeon.
You worshipped Okawaru.
Okawaru was noncommittal.
You were full.

You visited 1 branch of the dungeon, and saw 6 of its levels.

You collected 247 gold pieces.
You spent 132 gold pieces at shops.

Inventory:

Hand Weapons
 a - a +0 war axe (weapon)
Missiles
 k - 8 poisoned javelins (quivered)
Armour
 b - a +0 scale mail (worn)
 c - a +1 shield (worn)
 A - a +0 pair of gloves (worn)
 B - a +1 cloak (worn)
Jewellery
 o - an amulet of the gourmand (around neck)
 p - an uncursed ring of protection from fire
 x - a ring of magical power (right hand)
 F - an uncursed ring of ice
 I - a ring of poison resistance (left hand)
Wands
 e - a wand of heal wounds (1/9)
 z - a wand of hasting (1/9)
 E - a wand of iceblast (6/15)
 G - a wand of disintegration (9/24)
Scrolls
 m - 2 scrolls of teleportation
 w - a scroll of remove curse
 y - a scroll of fog
 D - a scroll of amnesia
Potions
 d - a potion of might
 g - 9 potions of curing
 h - a potion of brilliance {unknown}
 j - a potion of ambrosia {unknown}
 n - 2 potions of heal wounds
 q - a potion of haste {unknown}
 r - 2 potions of magic {unknown}
 s - 2 potions of agility
 t - 3 potions of flight {unknown}
 u - a potion of resistance {unknown}
 v - a potion of degeneration {unknown}
 C - a potion of lignification {unknown}
Comestibles
 f - 5 bread rations
 i - 4 beef jerkies
 l - 4 meat rations
 H - 2 chunks of flesh


   Skills:
 * Level 5.4 Fighting
 * Level 5.7 Axes
 * Level 6.5 Armour
 * Level 5.6 Dodging
 - Level 1.3 Stealth
 * Level 6.4 Shields
 - Level 1.3 Evocations


You had 7 spell levels left.
You didn't know any spells.

Dungeon Overview and Level Annotations

Branches:
Dungeon (6/15)
 Temple: D:4-7

Altars:
Makhleb
Nemelex Xobeh
Okawaru
Ru
Trog
Yredelemnul

Shops:
D:6 !


Innate Abilities, Weirdness & Mutations

You are resistant to damage.
You can recharge devices by infusing magical energy.
You passively map a small area around you.
You do not regenerate naturally.


Message History

The orc warrior hits you with a trident!
You barely miss the orc warrior.
The orc warrior is lightly wounded.
The orc warrior hits you with a trident.
You hit the orc warrior but do no damage.
The orc warrior is lightly wounded.
The orc warrior hits you with a trident!
You hit the orc warrior but do no damage.
The orc warrior is lightly wounded.
The orc warrior closely misses you.
You completely miss the orc warrior.
The orc warrior is lightly wounded.
The orc warrior hits you with a trident.
You barely miss the orc warrior.
The orc warrior hits you but does no damage.
Your scale mail prevents you from hitting the orc warrior.
The orc warrior hits you with a trident!
* * * LOW HITPOINT WARNING * * *
The orc warrior hits you with a trident!!
You die...

, * ##.#.# *
####.# ,* #....# *
##.###.##
#.####..# , ♣, *
##.##....# ** ♣♣.
* #..##.##.#
♣..o###.#.#.#.##**
#ooo@..##...#
##########.## *
#...,,, ####.# , ,
*,#* , , ,


You could see an orc warrior and 3 orcs.

Vanquished Creatures
  Pikel (D:5)
  Sigmund (D:6)
  Eustachio (D:4)
  Edmund (D:6)
  Menkaure (D:6)
  A sky beast (D:5)
  An ice beast (D:5)
  An ogre (D:4)
  A howler monkey (D:4)
  A crimson imp (D:5)
  A hound (D:4)
  2 orc priests
  A centaur skeleton (D:4)
  6 orc wizards
  3 worker ants
  A killer bee zombie (D:5)
  4 gnolls (D:2)
  9 adders
  A shadow imp (D:5)
  An adder skeleton (D:4)
  2 worms
  2 dart slugs
  3 giant geckos
  28 orcs
  A ball python (D:1)
  4 giant cockroaches
  7 hobgoblins
  6 jackals
  11 kobolds
  2 quokkas
  10 bats
  A giant cockroach zombie (D:3)
  6 giant newts
  3 goblins
  A jackal zombie (D:4)
  A quokka skeleton (D:6)
  9 rats
136 creatures vanquished.

Vanquished Creatures (others)
  An orc wizard (D:6)
1 creature vanquished.

Grand Total: 137 creatures vanquished

Notes
Turn   | Place    | Note
--------------------------------------------------------------
     0 | D:1      | GFox the Deep Dwarf Fighter began the quest for the Orb.
     0 | D:1      | Reached XP level 1. HP: 20/20 MP: 1/1
   256 | D:1      | Reached XP level 2. HP: 27/27 MP: 2/2
   906 | D:2      | Reached XP level 3. HP: 28/34 MP: 3/3
  1338 | D:2      | Reached XP level 4. HP: 8/42 MP: 4/4
  1340 | D:2      | Reached skill level 1 in Dodging
  1771 | D:3      | Found a faded altar to an unknown god.
  1933 | D:3      | Reached XP level 5. HP: 10/49 MP: 5/5
  2190 | D:3      | HP: 2/49 [poisoned by an orc wizard]
  2387 | D:4      | Found a burning altar of Makhleb.
  2399 | D:4      | Noticed an ogre
  2407 | D:4      | Killed an ogre
  2407 | D:4      | Reached skill level 1 in Stealth
  2407 | D:4      | Reached skill level 1 in Evocations
  2407 | D:4      | Reached XP level 6. HP: 38/57 MP: 5/5
  2491 | D:4      | Found a bloodstained altar of Trog.
  2603 | D:4      | Noticed Eustachio
  2611 | D:4      | Found a sacrificial altar of Ru.
  2626 | D:4      | Killed Eustachio
  2626 | D:4      | Reached skill level 5 in Armour
  2626 | D:4      | Reached XP level 7. HP: 49/64 MP: 6/6
  2746 | D:4      | Found a sparkling altar of Nemelex Xobeh.
  3135 | D:4      | Reached skill level 5 in Shields
  3216 | D:5      | Entered Level 5 of the Dungeon
  3246 | D:5      | HP: 3/64 [ice beast (9)]
  4026 | D:5      | Noticed Pikel
  4056 | D:5      | Killed Pikel
  4056 | D:5      | Reached skill level 5 in Fighting
  4056 | D:5      | Reached skill level 5 in Axes
  4056 | D:5      | Reached XP level 8. HP: 50/74 MP: 6/6
  4351 | D:6      | Noticed Edmund
  4372 | D:6      | Killed Edmund
  4372 | D:6      | Reached skill level 5 in Dodging
  4457 | D:6      | Found a basalt altar of Yredelemnul.
  4464 | D:6      | Found Ugrag's Distillery.
  4509 | D:6      | Bought a potion of curing for 36 gold pieces
  4509 | D:6      | Bought a potion of curing for 36 gold pieces
  4509 | D:6      | Bought a potion of heal wounds for 60 gold pieces
  4566 | D:6      | Found an iron altar of Okawaru.
  4571 | D:6      | Noticed Menkaure
  4583 | D:6      | Killed Menkaure
  4601 | D:6      | Became a worshipper of Warmaster Okawaru
  4636 | D:6      | Noticed Sigmund
  4644 | D:6      | Killed Sigmund
  4707 | D:6      | Slain by an orc warrior

Skill      XL: |  1  2  3  4  5  6  7  8 |
---------------+-------------------------+-----
Fighting       | 3 4 5 |  5.4
Armour         | 4 5 6 |  6.5
Dodging        | 1 2 3 4 5 |  5.6
Shields        | 4 6 |  6.4
Axes           | 3 5 |  5.7
Stealth        | 1 |  1.3
Evocations     | 1 |  1.3

Action                   |  1- 3 |  4- 6 |  7- 9 || total
-------------------------+-------+-------+-------++-------
Melee: War axe           |   132 |   164 |   303 ||   599
 Abil: Device Recharging |       |     2 |     2 ||     4
Evoke: Wand              |     2 |     6 |    11 ||    19
  Use: Scroll            |       |     8 |     1 ||     9
 Stab: Paralysed         |       |       |     1 ||     1
  Eat: Chunk             |    14 |     8 |     6 ||    28
Armor: Scale mail        |    64 |    99 |    35 ||   198
       Ring mail         |       |       |    69 ||    69
Dodge: Dodged            |    56 |    93 |   111 ||   260
Block: Shield            |    99 |   130 |   184 ||   413
